 Dungeon Crawl Stone Soup version 0.17.0-23-g0de4337 (webtiles) character file.

124 JudasIscariot the Ducker (level 4, -9/45 HPs)
             Began as a Troll Fighter on Nov 15, 2015.
             Mangled by an orc warrior
             ... wielding a +0 broad axe
              (15 damage)
             ... on level 3 of the Dungeon.
             The game lasted 00:03:26 (1426 turns).

JudasIscariot the Ducker (Troll Fighter)            Turns: 1426, Time: 00:03:26

Health: -9/45      AC: 10    Str: 30    XL:     4   Next: 81%
Magic:  3/3        EV:  8    Int:  4    God:
Gold:   100        SH:  9    Dex:  9    Spells: 0 memorised, 3 levels left

rFire  . . .     SeeInvis .     p - +0 mace (protect)
rCold  . . .     Clarity  .     b - +0 robe
rNeg   + . .     SustAt   .     c - +0 shield
rPois  .         Gourm    +     (helmet restricted)
rElec  .         Spirit   .     (no cloak)
rCorr  .         Warding  .     (gloves unavailable)
rMut   .         Rnd*Tele +     (boots unavailable)
MR     .....                    (no amulet)
Stlth  +.........               k - ring of positive energy
                                n - ring of teleportation (curse)

@: mighty, not resistant to hostile enchantments, very unstealthy
A: unfitting armour, claws 3, fast metabolism 3, gourmand, regeneration 2,
shaggy fur 1, tough skin 2
a: Evoke Teleportation


You were on level 3 of the Dungeon.
You were completely stuffed.

You visited 1 branch of the dungeon, and saw 3 of its levels.

You collected 100 gold pieces.

Inventory:

Hand Weapons
 a - a +0 flail
 p - a +0 mace of protection (weapon)
Armour
 b - a +0 robe (worn)
 c - a +0 shield (worn)
Jewellery
 k - a ring of positive energy (right claw)
 n - a cursed ring of teleportation (left claw)
Scrolls
 f - a scroll of identify
 m - a scroll of immolation {unknown}
Potions
 g - 2 potions of agility
 h - a potion of cure mutation {unknown}
 i - a potion of curing {unknown}
 j - a potion of magic {unknown}
 o - 2 potions of lignification {unknown}
Comestibles
 e - 2 bread rations
 l - 4 chunks of flesh


   Skills:
 * Level 3.0 Fighting
 * Level 2.3 Maces & Flails
 * Level 1.3 Throwing
 * Level 3.1 Dodging
 + Level 0.1 Stealth
 * Level 2.9 Shields


You had 3 spell levels left.
You didn't know any spells.

Dungeon Overview and Level Annotations

Branches:
Dungeon (3/15)

Altars:
Cheibriados
Nemelex Xobeh


Innate Abilities, Weirdness & Mutations

You are too large for most types of armour.
You have claws for hands.
Your metabolism is lightning-fast.
You like to eat raw meat.
You heal very quickly.
You are covered in fur (AC +1).
You have very tough skin (AC +2).


Message History

The orc wizard barely misses you.
You barely miss the orc wizard.
The orc wizard is severely wounded.
The giant gecko bites you but does no damage.
The orc wizard gestures wildly while chanting.
The orc wizard seems to speed up.
You block the orc warrior's attack.
The giant gecko hisses menacingly.
The giant gecko bites you but does no damage.
You hit the orc wizard.
You kill the orc wizard!
Your Dodging skill increases to level 3!
The orc warrior barely misses you. The giant gecko bites you.
* * * LOW HITPOINT WARNING * * *
Unknown command.
Drink which item? (? for menu, Esc to quit)
You feel very mighty all of a sudden. The giant gecko bites you.
* * * LOW HITPOINT WARNING * * *
The orc warrior hits you with a broad axe!
You die...

..##.####.#####.####
........#.#..[....(#
..#.[##.#...#...##.#
..#..##....###..##.#
.##.........#...##.#
.##.#######...####.#
....# ###### #.#
.####
)...#####.##### .#
.....sl@)....?# .#
....#.#o..###.... .#
. .. #..#... .. .#
... ......##.. .#
... ##...#.# .# ..
#....## .# # .....
#...###


You could see an orc warrior, a giant gecko and a giant cockroach.

Vanquished Creatures
  An orc wizard (D:3)
  Ijyb (D:2)
  Terence (D:3)
  An adder (D:2)
  A worm (D:2)
  3 giant geckos (D:1)
  An orc (D:3)
  A bat (D:1)
  A goblin (D:1)
  5 hobgoblins
  A kobold (D:2)
  3 quokkas (D:2)
  A ball python (D:1)
  2 giant newts (D:1)
  4 rats
27 creatures vanquished.

Notes
Turn   | Place    | Note
--------------------------------------------------------------
     0 | D:1      | JudasIscariot the Troll Fighter began the quest for the Orb.
     0 | D:1      | Reached XP level 1. HP: 22/22 MP: 0/0
   412 | D:1      | Reached XP level 2. HP: 29/29 MP: 1/1
   915 | D:2      | Found a snail-covered altar of Cheibriados.
   938 | D:2      | Reached XP level 3. HP: 31/36 MP: 2/2
   968 | D:2      | Found a sparkling altar of Nemelex Xobeh.
  1278 | D:2      | Noticed Ijyb
  1316 | D:2      | Killed Ijyb
  1316 | D:2      | Reached skill level 1 in Throwing
  1351 | D:2      | You fall through a shaft!
  1351 | D:3      | Noticed Terence
  1363 | D:3      | Killed Terence
  1363 | D:3      | Reached skill level 3 in Fighting
  1363 | D:3      | Reached XP level 4. HP: 34/45 MP: 3/3
  1411 | D:3      | Noticed an orc warrior
  1426 | D:3      | Mangled by an orc warrior

Action                   |  1- 3 |  4- 6 || total
-------------------------+-------+-------++-------
Melee: Flail             |   109 |       ||   109
       Mace              |       |    11 ||    11
  Use: Scroll            |     3 |       ||     3
       Potion            |     1 |     1 ||     2
  Eat: Chunk             |    18 |     1 ||    19
